 Dungeon Crawl Stone Soup version 0.30-a0-916-g98134172ad (webtiles) character file.

Game seed: 8795567420695382130

1459 112233 the Reanimator (level 8, -12/46 HPs)
             Began as an Octopode Necromancer on Mar 20, 2023.
             Was an Initiate of Gozag.
             Mangled by a two-headed ogre
             ... wielding a +0 giant spiked club
              (14 damage)
             ... on level 8 of the Dungeon.
             The game lasted 00:06:21 (7648 turns).

112233 the Reanimator (Octopode Necromancer)        Turns: 7648, Time: 00:06:21

Health: -12/46     AC:  1    Str:  7    XL:     8   Next: 76%
Magic:  11/18      EV: 13    Int: 20    God:    Gozag
Gold:   692        SH:  0    Dex: 12    Spells: 6/21 levels left

rFire   . . .      SeeInvis .    c - +1 short sword (venom)
rCold   . . .      Faith    .    (no shield)
rNeg    . . .      Spirit   .    (helmet restricted)
rPois   .          Reflect  .    (no amulet)
rElec   .          Rampage  .    (no ring)
rCorr   .                        (no ring)
Will    .....                    (no ring)
Stlth   +++                      (no ring)
HPRegen 0.27/turn                (no ring)
MPRegen 0.16/turn                (no ring)
                                 (no ring)
                                 (no ring)

@: no status effects
A: almost no armour, amphibious, 8 rings, camouflage 1, gelatinous body 1,
(nimble swimmer 1), tentacles
a: Renounce Religion, Potion Petition, Call Merchant, Bribe Branch


You were on level 8 of the Dungeon.
You worshipped Gozag.
Gozag was pleased with you.
You visited 1 branch of the dungeon, and saw 9 of its levels.
You also visited: Sewer.

You collected 855 gold pieces.
You spent 95 gold pieces at shops.
You paid 68 gold pieces to Gozag.

Inventory:

Hand Weapons
 c - a +1 short sword of venom (weapon)
Missiles
 s - a throwing net
Jewellery
 p - a ring of poison resistance
Wands
 r - a wand of mindburst (6)
 u - a wand of iceblast (14)
Scrolls
 j - a scroll of vulnerability
 k - 6 scrolls of amnesia
 l - 2 scrolls of teleportation
 m - 3 scrolls of blinking
 n - 2 scrolls of magic mapping
 o - 2 scrolls of poison
 v - 2 scrolls of immolation {unknown}
 w - 6 scrolls of identify
 x - a scroll of butterflies {unknown}
Potions
 a - 3 potions of magic
 b - a potion of might {unknown}
 d - 3 potions of heal wounds
 e - a potion of lignification {unknown}
 f - 2 potions of attraction {unknown}
 g - 7 potions of curing
 h - 2 potions of invisibility {unknown}
 i - a potion of resistance {unknown}
 q - a potion of ambrosia {unknown}
 t - 2 potions of mutation {unknown}
 z - a potion of haste {unknown}


   Skills:
 - Level 2.0 Dodging
 - Level 2.7 Stealth
 + Level 7.1 Spellcasting
 + Level 8.5 Necromancy


You had 6 spell levels left.
You knew the following spells:

 Your Spells              Type           Power      Damage    Failure   Level
a - Necrotise             Necr           100%       1d9       1%          1
b - Vampiric Draining     Necr           41%        2d8       1%          3
c - Kiss of Death         Conj/Necr      96%        2d12      1%          1
d - Agony                 Necr           41%        N/A       8%          5
e - Borgnjor's Vile Clut  Necr/Erth      12%        N/A       41%         5

Your spell library contained the following spells:

 Spells                   Type           Power      Damage    Failure   Level
 Summon Small Mammal      Summ           28%        N/A       10%         1
 Call Canine Familiar     Summ           7%         N/A       28%         3
 Summon Guardian Golem    Hex/Summ       7%         N/A       28%         3
 Death Channel            Necr           20%        N/A       41%         6
 Animate Dead             Necr           Unusable   N/A       N/A         4

Dungeon Overview and Level Annotations

Branches:
Dungeon (9/15)              Sewer (visited)
 Temple: D:4-7         Lair: D:8-11         Orc: D:9-12

Altars:
Dithmenos
Gozag
Hepliaklqana
Trog
Yredelemnul

Shops:
D:3 [   D:4 ?*

Annotations:
D:8 1 transporter, confidenceinterval's ghost, novice GrAr


Innate Abilities, Weirdness & Mutations

You cannot wear most types of armour.
You are amphibious.
You can wear up to eight rings at the same time.
Your skin changes colour to match your surroundings (Stealth+).
Your rubbery body absorbs attacks. (AC +1, EV +1)
((You are camouflaged when in or above water. (Stealth+)))
You have tentacles for arms and can constrict up to eight enemies at once.


Message History

Confirm with . or Enter, or press ? or * to list all spells.
Aiming: Necrotise (safe; 1% risk of failure)
Press: ? - help, Shift-Dir - straight line, f/p - two-headed ogre
Aim: a two-headed ogre, wielding two +0 giant spiked clubs (lightly wounded, chance to affect: 70%)
The two-headed ogre struggles to resist.
Unknown command.
Aiming: Mindburst
Press: ? - help, Shift-Dir - straight line, f/p - two-headed ogre
Aim: a two-headed ogre, wielding two +0 giant spiked clubs (lightly wounded, chance to affect: 47%)
The two-headed ogre resists with some effort.
Unknown command.
Unknown command.
Aiming: Mindburst
Press: ? - help, Shift-Dir - straight line, f/p - two-headed ogre
Aim: a two-headed ogre, wielding two +0 giant spiked clubs (lightly wounded, chance to affect: 47%)
The two-headed ogre's minds are blasted!
Unknown command.
Unknown command.
Casting: Necrotise (safe; 1% risk of failure)
Confirm with . or Enter, or press ? or * to list all spells.
Aiming: Vampiric Draining (safe; 1% risk of failure)
Press: ? - help, Shift-Dir - straight line, f/p - two-headed ogre
Aim: a two-headed ogre, wielding two +0 giant spiked clubs (moderately wounded)
You draw life force from the two-headed ogre.
The two-headed ogre closely misses you.
The two-headed ogre hits you with a +0 giant spiked club!!
Unknown command.
Casting: Vampiric Draining (safe; 1% risk of failure)
Confirm with . or Enter, or press ? or * to list all spells.
Aiming: Vampiric Draining (safe; 1% risk of failure)
Press: ? - help, Shift-Dir - straight line, f/p - two-headed ogre
Aim: a two-headed ogre, wielding two +0 giant spiked clubs (moderately wounded)
You draw life force from the two-headed ogre!
You feel life coursing into your body.
The two-headed ogre hits you with a +0 giant spiked club!!
Ouch! That really hurt!
* * * LOW HITPOINT WARNING * * *
The two-headed ogre hits you with a +0 giant spiked club!
You die...
Your body crumbles into a pile of gold.

# ### .# #.# ..F #
####.# ..#
###.########....###..#
....................#
### ###....#.##@O..#
#.####.#....#####.....
#....#.#.#### ###.
#....#...# #.......##
#....#.## ###....#.# $
##.....#.#####
##.<.........#


You could see a two-headed ogre and a bullfrog (wandering).

Vanquished Creatures
  A wyvern (D:8)
  An orc warrior (D:8)
  2 black bears
  2 centaurs (D:7)
  3 kobold brigands (Sewer)
  2 scorpions (D:6)
  An electric eel (D:8)
  3 orc priests
  A hound (D:6)
  An iguana (D:7)
  A jelly (D:6)
  Terence (D:3)
  An orc wizard (D:8)
  4 gnolls (D:7)
  5 adders
  4 river rats (D:6)
  A white imp (D:8)
  3 worms
  3 dart slugs
  16 orcs
  7 bats
  4 endoplasms
  4 giant cockroaches
  4 goblins
  5 hobgoblins
  3 jackals (D:1)
  5 quokkas
  8 ball pythons
  6 frilled lizards
  21 kobolds
  14 rats
137 creatures vanquished.

Vanquished Creatures (collateral kills)
  An orc (D:4)
  A jackal (D:1)
2 creatures vanquished.

Vanquished Creatures (others)
  6 plants (D:8)
6 creatures vanquished.

Grand Total: 145 creatures vanquished

Notes
Turn   | Place    | Note
-------+----------+-------------------------------------------
     0 | D:1      | 112233 the Octopode Necromancer began the quest for the
                  | Orb.
     0 | D:1      | Reached XP level 1. HP: 11/11 MP: 3/3
   263 | D:1      | Reached XP level 2. HP: 17/17 MP: 0/5
   984 | D:1      | Reached XP level 3. HP: 20/21 MP: 1/6
  1228 | D:2      | Found a faded altar of an unknown god.
  1236 | D:2      | Got Plato's Elucidation of Unholy Ceremonies
  1436 | D:2      | Learned a level 3 spell: Vampiric Draining
  1731 | D:2      | Learned a level 1 spell: Kiss of Death
  1975 | D:3      | Noticed Terence
  1982 | D:3      | Killed Terence
  1983 | D:3      | Reached XP level 4. HP: 17/27 MP: 2/8
  2034 | D:3      | Found a shadowy altar of Dithmenos.
  2068 | D:3      | Found Disutom's Antique Armour Shoppe.
  2392 | D:3      | Reached skill level 5 in Necromancy
  2884 | D:3      | Found a hazy altar of Hepliaklqana.
  3101 | D:4      | Reached XP level 5. HP: 22/31 MP: 8/10
  3590 | D:4      | Found an opulent altar of Gozag.
  3594 | D:4      | Found Gozag's Platinum Reserve.
  3606 | D:4      | Became a worshipper of Gozag Ym Sagoz the Greedy
  3755 | D:4      | Found Anevvuam's Magic Scroll Boutique.
  3758 | D:4      | Bought a scroll of blinking for 75 gold pieces
  3758 | D:4      | Bought a scroll of identify for 20 gold pieces
  3881 | D:5      | Entered Level 5 of the Dungeon
  3959 | D:5      | Found a bloodstained altar of Trog.
  4027 | D:5      | Noticed a yak
  4113 | D:6      | Reached XP level 6. HP: 25/36 MP: 0/12
  4607 | D:6      | Found a glowing drain.
  4616 | Sewer    | Entered a sewer
  4843 | Sewer    | Reached skill level 6 in Necromancy
  4847 | Sewer    | Reached XP level 7. HP: 24/41 MP: 3/14
  5055 | Sewer    | Reached skill level 5 in Spellcasting
  5171 | D:6      | Learned a level 5 spell: Agony
  5177 | D:6      | Learned a level 5 spell: Borgnjor's Vile Clutch
  5519 | D:6      | Reached skill level 7 in Necromancy
  5655 | D:6      | Noticed a steam dragon
  6051 | D:7      | Found a basalt altar of Yredelemnul.
  6121 | D:7      | Reached XP level 8. HP: 40/46 MP: 6/17
  6745 | D:8      | Reached skill level 8 in Necromancy
  7071 | D:8      | Noticed a hornet
  7183 | D:8      | Found a transporter.
  7190 | D:8      | Noticed confidenceinterval's ghost (novice GrAr)
  7195 | D:8      | Noticed a wyvern
  7207 | D:8      | Killed a wyvern
  7642 | D:8      | Noticed a two-headed ogre
  7648 | D:8      | HP: 2/46 [two-headed ogre/+0 giant spiked club (30)]
  7648 | D:8      | Mangled by a two-headed ogre

Illustrated notes

Levels and vault maps discovered:
D:1:      psy_arrival_terrarium, layout_basic
D:2:      layout_rooms, shapermc_ecumenical_altar_rom_forum,
          minmay_increasing_density
D:3:      layout_loops_ring, worldfamousw_hep_ancestral_shrine,
          grunt_dithmenos_smoke, serial_shops, nicolae_shop_statue_plus,
          uniq_terence
D:4:      layout_loops_ring, nicolae_gozag_zags_fifth_avenue, serial_shops,
          nicolae_shop_behind_doors, kennysheep_small_spiral,
          minmay_misc_feat_hallway, amcnicky_mini_corridor_feature
D:5:      layout_rooms, trog_three_pillars_becter, mainiacjoe_overflow_alcove_4,
          minmay_temple_entry_grid, serial_shops, nicolae_stop_n_shop_1,
          nicolae_ossuary_entry_catacombs
D:6:      layout_cave_pods, lightli_sewer_entry_pipes, serial_column_ruins,
          column_ruins_corridor_corner, column_ruins_open_tiny,
          column_ruins_grid_3, column_ruins_open_tiny,
          column_ruins_columns_dead_end, column_ruins_grid_1
D:7:      layout_cave_pools, mainiacjoe_overflow_alcove_1
D:8:      layout_rooms, nicolae_wu_jian_immortal_techniques,
          gammafunk_ghost_gnarly_gnolls, minivault_4
D:9:      layout_gridville, kennysheep_mini, orc_0_dummy, gammafunk_ghost_icy

Skill      XL: |  1  2  3  4  5  6  7  8 |
---------------+-------------------------+-----
Spellcasting   | 3 4 6 7 |  7.1
Necromancy     | 5 6 7 8 |  8.5
Dodging        | |  2.0
Stealth        | |  2.7

Action                     |  1- 3 |  4- 6 |  7- 9 || total
---------------------------+-------+-------+-------++-------
  Melee: Unarmed           |     4 |       |       ||     4
         Short sword       |    14 |    26 |    33 ||    73
         Constrict         |     7 |     9 |    12 ||    28
         Tentacles         |     5 |     4 |     9 ||    18
         Punch             |       |     1 |       ||     1
   Cast: Necrotise         |    66 |    95 |    24 ||   185
         Vampiric Draining |       |     8 |    44 ||    52
  Evoke: Wand              |       |     2 |     2 ||     4
    Use: Scroll            |       |     7 |     1 ||     8
   Stab: Sleeping          |     2 |     4 |     5 ||    11
 Armour: Skin              |     1 |     2 |     4 ||     7
  Dodge: Dodged            |    16 |    44 |    56 ||   116

Table legend: (Time is in decaauts)
 A = Elapsed time spent in this place.
 B = Non-inter-level travel time spent in this place.
 C = Inter-level travel time spent in this place.
 D = Time resting spent in this place.
 E = Time spent auto-exploring this place.
 F = Levels seen in this place.
 G = Mean time per level.
                   A        B        C        D        E       F      G
               +--------+--------+--------+--------+--------+-----+--------+
         Total |   7644 |   7412 |    232 |    408 |   6212 |  10 |  764.4 |
       Dungeon |   7096 |   6864 |    232 |    408 |   5776 |   9 |  788.4 |
         Sewer |    547 |    547 |      0 |      0 |    436 |   1 |  547.0 |
               +--------+--------+--------+--------+--------+-----+--------+

Top non-repeatable levels by time:
     D:6: 1095 daAuts
     D:1: 1092 daAuts
     D:8: 1040 daAuts
     D:4: 959 daAuts
     D:3: 945 daAuts
     D:2: 881 daAuts
     D:7: 856 daAuts
   Sewer: 547 daAuts
     D:5: 168 daAuts
     D:9: 55 daAuts
